[Event "Early-Titled-Tuesday-Blitz-June-18-2024"]
[Site "Chess.com"]
[Date "2024.06.18"]
[Round "5"]
[White "Individoom"]
[Black "MVM2008"]
[Result "1/2-1/2"]
[WhiteElo "2791"]
[BlackElo "2596"]
[TimeControl "180+1"]
[EndTime "8:59:54 PDT"]
[Termination "Game drawn by 50-move rule"]

1. d4 Nf6 2. Bg5 Ne4 3. h4 h6 4.
Bf4 Nc6 5. Nd2 Nxd2 6. Qxd2 d6 7. d5 e5 8. dxc6 exf4 9. cxb7 Bxb7 10. Qxf4 Be7 11.
e3 O-O 12. Nf3 Rb8 13. O-O-O Bf6 14. c3 c5 15. Bd3 Qa5 16. Qc4 Bxf3 17. gxf3 d5 18. Qa6 Qc7 19. Bc2 d4 20. Qd3 g6 21.
exd4 cxd4 22. cxd4 Qf4+ 23. Kb1 Rb4 24. Qe4 Qxe4 25.
fxe4 Rxd4 26. f4 Rxd1+ 27. Rxd1 Bxh4 28. e5 Bg3 29. Rf1 g5 30. fxg5 hxg5 31. Rf5 Bf4 32.
Bb3 Kg7 33. e6 fxe6 34. Rxf8 Kxf8 35. Bxe6 Ke7 36. Bg4 Kd6 37. Kc2 Be5 38. b3 Kd5 39. Kd3 Kc5 40. a3 Bb2 41. a4 Kb4 42. Kc2 Be5 43.
Bf5 Bf4 44. Be6 a5 45. Kd3 Bc1 46. Ke2 Bf4 47. Kf3 Ka3 48. Kg4 Kb4 49. Kf5 Ka3 50. Ke4 Kb4 51. Kd3 Kc5 52. Kc3 Be5+ 53. Kd3 Bf4 54.
Ke4 Kd6 55. Bg4 Kc5 56. Be6 Kd6 57. Bc4 Kc5 58. Kf5 Kd4 59. Be6 Ke3 60. Kg4 Kd4 61. Kf3 Ke5 62. Bg4 Kd5 63. Ke2 Ke4 64. Bf3+ Kd4 65.
Bc6 Kc3 66. Bd5 Kd4 67. Be6 Kc3 68. Kf3 Kd4 69. Kg4 Kc3 70. Kf5 Kd4 71. Bf7 Kc3 72. Ke4 Kb4 73. Bc4 Bc1 74. Kf5 Bf4 75. Be6 Bc1 76.
Ke4 Bf4 77. Kd4 Bc1 78. Kd3 Bf4 79. Kc2 Bb8 80. Kd3 Bf4 81. Ke4 Bb8 82. Kf5 Bf4 83.
Kg4 Bc1 84. Kh5 Bf4 85. Kg6 Kc5 86. Kf5 Kd6 87. Bc4 Kc5 88. Kg4 Kd4 89. Kf3 Ke5 90. Kg4 Ke4 91. Be6 Kd3 92. Bf5+ Kc3 93. Be6 Kd4 94. Kf3 Ke5 1/2-1/2

[Event "Early-Titled-Tuesday-Blitz-June-18-2024"]
[Site "Chess.com"]
[Date "2024.06.18"]
[Round "5"]
[White "Acva-Alenok"]
[Black "KoshkaMatrioshka"]
[Result "0-1"]
[WhiteElo "2407"]
[BlackElo "2597"]
[TimeControl "180+1"]
[EndTime "8:59:54 PDT"]
[Termination "KoshkaMatrioshka won on time"]

1. d4 e6 2. c4 f5 3. g3 Nf6 4. Bg2 c6 5. Nc3 Bb4 6. Qc2 O-O 7. Bf4 d5 8. Nh3 Qe7 9. O-O h6 10. cxd5 exd5 11. Be5 Nbd7 12. Nf4 Qe8 13. Qxf5 Nxe5 14. Qxe5 Qxe5 15. dxe5 Ng4 16. e6 Re8 17. Ncxd5 cxd5 18. Nxd5 Bd6 19. e7 Nf6 20. Rfd1 Nxd5 21.
Bxd5+ Kh8 22. Bf7 Rxe7 23. Rxd6 Rxf7 24. Rd8+ Kh7 25. Rc1 Re7 26. e3 Rd7 27. Rdxc8 Rxc8 28. Rxc8 Rd2 29. b3 Rxa2 30. Rc7 b5 31. Rb7 a6 32.
Rb6 Kg8 33. Kg2 Kf7 34. e4 Ke7 35. Kf3 Kd7 36. Rb7+ Kc6 37. Rxg7 Ra3 38. Rg6+ Kc5 39. Kf4 Rxb3 40. Rxa6 Rb2 41. f3 Rxh2 42. e5 b4 43.
Ra8 b3 44. Rb8 b2 45. Kf5 Kc6 46. f4 Kc7 47. Rb3 Kd7 48. Kf6 Re2 49. f5 h5 50. e6+ Kd6 51. Kf7 Re5 52. Kf6 Re2 53. e7 Rxe7 54. Rxb2 Re3 55. Rg2 Kd5 56. Kg5 Ke5 57.
f6 Ke6 58. Kg6 Rf3 59. Re2+ Kd7 60. f7 Rxg3+ 61. Kf6 Rf3+ 62. Kg6 Rg3+ 63. Kh6 Rf3 64. Kg7 Rg3+ 65. Kf8 h4 66. Rd2+ Ke6 67. Ke8 Rf3 68.
Re2+ Kd5 69. Rh2 Re3+ 70. Kf8 Rf3 71. Rxh4 Ke6 72. Re4+ Kf5 73. Re1 Kf6 74. Ke8 Kg7 75. Rf1 Rxf1 0-1

[Event "Early-Titled-Tuesday-Blitz-June-18-2024"]
[Site "Chess.com"]
[Date "2024.06.18"]
[Round "5"]
[White "Rodalquilar"]
[Black "RebelJohnny"]
[Result "1-0"]
[WhiteElo "2801"]
[BlackElo "2593"]
[TimeControl "180+1"]
[EndTime "9:00:12 PDT"]
[Termination "Rodalquilar won by checkmate"]

1. d4 d5 2. Nf3 Nf6 3. Bf4 c5 4. e3 Nc6 5. c3 Qb6 6. Qc2 g6 7. h3 Bf5 8. dxc5 Qxc5 9. Qb3 Na5 10. Qb5+ Qxb5 11. Bxb5+ Bd7 12. Be2 Bg7 13. Nbd2 Nc6 14.
O-O O-O 15. Rfe1 Rfe8 16. Ne5 Rac8 17. Rad1 Nxe5 18. Bxe5 Ba4 19. Nb3 e6 20. Rd4 Bc6 21. Na5 Nd7 22. Bxg7 Kxg7 23. Rb4 b6 24. Nxc6 Rxc6 25.
Bb5 Rc7 26. e4 dxe4 27. Rexe4 Rec8 28. Rbd4 Nf6 29. Re2 Kf8 30. Ba6 Rb8 31. a4 Ke7 32.
Red2 Rd7 33. Rxd7+ Nxd7 34. Bb5 Nf6 35. Kf1 Rd8 36. Rxd8 Kxd8 37. Ke2 Ke7 38. g3 Kd6 39. b4 Ne4 40. Be8 f5 41. c4 Ke7 42. Bc6 Nf6 43.
f4 Kd6 44. Bf3 e5 45. fxe5+ Kxe5 46. Kd3 g5 47. c5 bxc5 48. b5 g4 49. hxg4 fxg4 50.
Bc6 Nd5 51. Kc4 Nb6+ 52. Kb3 c4+ 53. Ka3 Kd4 54. a5 Nd5 55. b6 axb6 56. a6 Nc7 57. a7 Kc3 58. Ka4 h6 59. Ka3 Kd3 60. Kb2 c3+ 61.
Kc1 h5 62. Be8 Kc4 63. Bxh5 b5 64. Bxg4 b4 65. Be2+ Kd4 66. Kc2 Ke4 67. Bd1 Ke3 68. Kb3 Kd2 69. Bc2 Na8 70. g4 Nc7 71. g5 Ne6 72.
a8=Q Nd4+ 73. Kxb4 Nxc2+ 74. Ka4 Ne3 75. Qd8+ Kc1 76.
g6 c2 77. g7 Nd1 78. g8=Q Kb1 79. Qb8+ Nb2+ 80. Qxb2+ Kxb2 81. Qb3+ Ka1 82. Qa3+ Kb1 83. Qd3 Ka1 84. Qd2 Kb1 85. Kb3 c1=Q 86. Qa2# 1-0

[Event "Early-Titled-Tuesday-Blitz-June-18-2024"]
[Site "Chess.com"]
[Date "2024.06.18"]
[Round "5"]
[White "Naruto75_3"]
[Black "MuradNuri"]
[Result "1-0"]
[WhiteElo "2500"]
[BlackElo "2660"]
[TimeControl "180+1"]
[EndTime "9:00:14 PDT"]
[Termination "Naruto75_3 won on time"]

1. d4 Nf6 2. c4 e6 3. Nc3 d5 4.
cxd5 exd5 5. Bg5 c6 6. e3 h6 7. Bh4 Be7 8. Bd3 Nbd7 9. Nge2 Nf8 10. O-O Ng6 11. Bxg6 fxg6 12. f3 O-O 13. Kh1 g5 14.
Bg3 g4 15. Nf4 Qe8 16. Qd3 Nh5 17. Nxh5 Qxh5 18. fxg4 Bxg4 19. e4 dxe4 20. Qxe4 Rae8 21. Be5 Rxf1+ 22. Rxf1 Bd6 23. Re1 Qf5 24. Qxf5 Bxf5 25.
Kg1 Bb4 26. Kf2 Rf8 27. Ke3 Be6 28. a3 Be7 29. g3 Bc4 30. Ne4 Bd5 31. Bf4 g5 32.
Be5 g4 33. Bf4 Kg7 34. Nf2 Bf3 35. h3 h5 36. hxg4 hxg4 37. Kd3 Bf6 38. Be5 Rd8 39.
Bxf6+ Kxf6 40. Ne4+ Kf5 41. Nc5 b6 42. Re5+ Kg6 43.
Ne6 Rh8 44. Nf4+ Kf7 45. Rf5+ Kg7 46. Ne6+ Kg6 47. Re5 Rh2 48. Nf4+ Kf6 49. Ne2 Rg2 50. Nf4 Rxb2 51. Nh5+ Kg6 52. Nf4+ Kf6 53. Nh5+ Kf7 54. Rf5+ Kg6 55. Re5 Rb3+ 56. Kd2 Rxa3 57. Nf4+ Kf6 58. Nh5+ Kf7 59. Nf4 a5 60. Rh5 a4 61. Rh7+ Kf6 62. Rh6+ Kf5 63. Rh5+ Ke4 64. d5 cxd5 65. Rxd5 Ra2+ 66. Kc3 a3 67. Rd4+ Ke3 68. Rb4 Rh2 69.
Rxb6 a2 70. Ra6 Rd2 71. Re6+ Be4 72. Ra6 Kf3 73. Kxd2 Kxg3 74. Ne2+ Kf2 75. Rxa2 Bf3 76. Nd4 g3 77. Kd3+ 1-0

[Event "Early-Titled-Tuesday-Blitz-June-18-2024"]
[Site "Chess.com"]
[Date "2024.06.18"]
[Round "5"]
[White "AnishOnYoutube"]
[Black "artin10862"]
[Result "1-0"]
[WhiteElo "3071"]
[BlackElo "2933"]
[TimeControl "180+1"]
[EndTime "9:00:39 PDT"]
[Termination "AnishOnYoutube won on time"]

1. Nf3 d5 2. d4 Nf6 3. c4 e6 4. g3 dxc4 5. Bg2 Nc6 6. O-O Rb8 7. Be3 b5 8. a4 a6 9. axb5 axb5 10. b3 Nd5 11. Bg5 Be7 12. Bxe7 Qxe7 13. bxc4 bxc4 14.
Qc1 Qb4 15. Nbd2 c3 16. Rb1 Qa5 17. Rxb8 Nxb8 18. Nc4 Qa6 19. Ne3 O-O 20. Nxd5 exd5 21. Qxc3 Qxe2 22. Qxc7 Na6 23. Qa5 Qc4 24. Re1 Nb4 25.
Bf1 Qb3 26. Re3 Qb1 27. Nd2 Qb2 28. Rb3 Qxd2 29. Qxb4 Qd1 30. Rb1 Qf3 31. Rb3 Qd1 32. Rb1 Qf3 33. Bg2 Qf5 34. Re1 Be6 35. h4 Rc8 36. Qd2 h6 37. Qe3 Rc2 38. Bf1 Qf6 39.
Rb1 Rc8 40. Rb6 Qd8 41. Rb7 Rb8 42. Rxb8 Qxb8 43. Qc3 Qb1 44. Qe3 Qe4 45. Qxe4 dxe4 46. Bb5 Bd5 47. Kf1 g5 48. hxg5 hxg5 49. Ke2 f5 50.
Ke3 Kf7 51. Be2 Kf6 52. Bd1 Bc4 53. g4 fxg4 54. Bxg4 Bd5 55. Bh3 Bc6 56. Bc8 Bd5 57. Bd7 Bb7 58. Ba4 Bd5 59. Bc2 Be6 60. Bxe4 Bd7 61.
Kd3 Ke7 62. Bd5 Kd6 63. Ke4 Bh3 64. Bc4 Bd7 65. Kf3 Ke7 66. Ke3 Kd6 67. Be2 Kd5 68.
Bf3+ Kd6 69. Be4 Be6 70. Kf3 Bd7 71. Kg3 Ke7 72. Bg2 Kf6 73. Bh3 Bc6 74. Bc8 Bd5 75.
Kg4 Bb3 76. Bb7 Be6+ 77. Kf3 Bd7 78. Ke4 Ke6 79. Bd5+ Kf6 80. Bb3 Bc6+ 81. Kd3 Bd7 82. Kc4 Kf5 83. Kc5 Kf4 84. Bd5 Bf5 85. Bc6 Bc8 86.
Bg2 Bd7 87. d5 Ke5 88. d6 g4 89. Bc6 Be6 90. Bg2 Bd7 91. Bd5 Bf5 92. Kc6 Bc8 93.
Bg2 Be6 94. Kc7 Bf5 95. Bb7 Kf4 96. Bc8 1-0

[Event "Early-Titled-Tuesday-Blitz-June-18-2024"]
[Site "Chess.com"]
[Date "2024.06.18"]
[Round "5"]
[White "CSB7"]
[Black "wonderfultime"]
[Result "1-0"]
[WhiteElo "2754"]
[BlackElo "3036"]
[TimeControl "180+1"]
[EndTime "9:00:42 PDT"]
[Termination "CSB7 won by resignation"]

1. d4 d5 2. c4 c6 3. Nf3 Nf6 4. Nc3 a6 5. cxd5 cxd5 6. Bf4 Nc6 7. Rc1 e6 8. e3 Bd6 9. Bg3 O-O 10.
Bd3 h6 11. O-O Bxg3 12. hxg3 Qd6 13. Na4 e5 14. dxe5 Nxe5 15. Be2 Bf5 16. Qd4 Rfe8 17. Qc5 Nxf3+ 18. Bxf3 Qe6 19. Nb6 Rad8 20. Rfd1 Be4 21. Qd4 Qf5 22. Be2 h5 23. f3 Qg5 24. fxe4 Rxe4 25. Qd2 Qxg3 26. Bf3 Rh4 27. Nxd5 Nxd5 28. Bxd5 Re8 29. Bxf7+ Kxf7 30. Qd7+ Kf6 31. Rf1+ Kg6 32. Qxe8+ Kh6 33. Qe6+ Kh7 34. Qf5+ Kh6 35. Qe6+ Kh7 36. Qf5+ Kh6 37. Qf3 Qh2+ 38. Kf2 Qe5 39. Ke2 Qxb2+ 40. Kd1 Rg4 41. Qf2 Qb5 42. Qe2 Qa4+ 43. Ke1 Qa5+ 44.
Qd2 Qe5 45. Rf2 Re4 46. Kf1 Rh4 47. Ke1 Qb5 48. Rf1 Re4 49. Rf2 Rh4 50. Rf1 Qe5 51.
Rf2 Rh1+ 52. Rf1 Rh4 53. e4+ Kh7 54. Qc2 Rxe4+ 55. Kf2 Qd4+ 56. Kg3 Qe5+ 57. Kh3 g6 58. Rf3 Kh6 59. Qd2+ Kh7 60. Qd7+ Kh6 61. Qd2+ Kh7 62. Rcf1 Qe6+ 63. Kh2 Qe5+ 64. Kg1 Qd4+ 65. Qxd4 Rxd4 66. Rf7+ Kh6 67. Rxb7 Ra4 68. Rf2 h4 69. Rb6 Kh5 70. Rff6 g5 71. Rxa6 Rc4 72. Rf1 Rc2 73. a4 Kg4 74.
Rg6 Ra2 75. Ra6 Kg3 76. Rf3+ Kg4 77. Ra5 Ra1+ 78. Kh2 Ra2 79. Ra6 Rb2 80. Ra8 Ra2 81.
a5 Kh5 82. a6 Kg4 83. a7 Ra1 84. Rb3 Kf4 85. Rb7 g4 86. Rf8+ Kg5 87. Rg8+ Kf5 88. Rf7+ Ke6 89. Rfg7 Kf5 90. Rxg4 Rxa7 91. Rxh4 Ra2 92.
Rgg4 Kf6 93. Rf4+ Kg5 94. Rhg4+ Kh5 95. Kh3 Ra1 96. Rf5+ Kh6 97. Rh4+ Kg6 98. Rff4 Ra3+ 99. Kg4 Ra2 100. g3 Ra5 101. Rh1 Kg7 102. Re1 Ra7 103. Ref1 Kg6 104. Rf6+ Kg7 105. Kg5 Ra3 106. g4 Ra5+ 107. R1f5 Ra8 108. Rf7+ Kh8 109. Kh6 Rb8 110. Rf8+ 1-0

[Event "Early-Titled-Tuesday-Blitz-June-18-2024"]
[Site "Chess.com"]
[Date "2024.06.18"]
[Round "5"]
[White "zimmm36"]
[Black "CrimeFightingSpider07"]
[Result "1/2-1/2"]
[WhiteElo "2775"]
[BlackElo "2551"]
[TimeControl "180+1"]
[EndTime "9:01:20 PDT"]
[Termination "Game drawn by 50-move rule"]

1. e4 e5 2. Nf3 Nf6 3. Nxe5 d6 4.
Nd3 Nxe4 5. Qe2 Qe7 6. Nf4 Nf6 7.
d4 Qxe2+ 8. Bxe2 d5 9. h4 Bd6 10. c3 O-O 11. Na3 c6 12. f3 Re8 13. Kf2 Nbd7 14. h5 Nf8 15. g4 Ne6 16. Nd3 h6 17. Nc2 Bd7 18. Bd2 Re7 19. Rae1 Rae8 20. Bd1 Ng5 21. Bf4 Rxe1 22. Ncxe1 Bxf4 23. Nxf4 Ne6 24. Nfd3 Bc8 25. Ng2 Kf8 26. b4 b6 27. Ba4 Ba6 28. Ne5 Bb5 29. Bb3 Rc8 30. Ne3 c5 31. dxc5 bxc5 32. Nxd5 Nxd5 33. Bxd5 cxb4 34. cxb4 Rc2+ 35. Kg3 Nd4 36. Rd1 Ne2+ 37. Kh4 Nc3 38. Bb3 Re2 39. Rd8+ Ke7 40. Nxf7 Ba4 41. Ra8 Bxb3 42. Rxa7+ Kf6 43. axb3 Nb5 44. Rb7 Nd4 45. g5+ hxg5+ 46. Nxg5 Re3 47. Kg4 Rxb3 48. Ne4+ Ke5 49. Re7+ Kd5 50. Ng5 Rxb4 51. f4 Nc6 52. Rxg7 Ne5+ 53. Kf5 Nd3 54. Rd7+ Kc4 55. Ne6 Rb5+ 56. Kg6 Rb6 57. f5 Ne5+ 58. Kg7 Nxd7 59. h6 Rb7 60. Nd8 Rc7 61. Ne6 Ra7 62. h7 Ne5+ 63.
Kf6 Ng4+ 64. Kg6 Ne5+ 65. Kh6 Ng4+ 66. Kg5 Rxh7 67. Kxg4 Kd5 68. Kg5 Ke5 69. Kg6 Rh1 70. Ng7 Rg1+ 71. Kf7 Rf1 72. Kg6 Rg1+ 73. Kf7 Rg5 74.
Ne6 Rxf5+ 75. Ke7 Rf6 76. Nc7 Rc6 77. Kd7 Rd6+ 78. Ke7 Rh6 79. Ne8 Rh7+ 80. Kf8 Ke6 81. Kg8 Re7 82. Kf8 Rf7+ 83. Kg8 Rf1 84. Ng7+ Ke7 85. Kh7 Kf6 86. Nh5+ Kg5 87. Ng7 Rf7 88. Kg8 Kg6 89. Ne8 Re7 90. Kf8 Rf7+ 91. Kg8 Rh7 92. Kf8 Ra7 93. Kg8 Kf5 94. Kf8 Ke6 95. Ng7+ Kf6 96.
Ne8+ Ke5 97. Kg8 Re7 98. Kf8 Ke6 99. Ng7+ Kd7 100. Kg8 Re1 101. Kf7 Rf1+ 102. Kg6 Ke7 103. Kh7 Kf6 104. Nh5+ Kf7 105. Kh6 Rg1 106. Kh7 Rh1 107. Kh6 Rg1 108. Kh7 Rg6 109. Nf4 Rf6 110. Nh5 Ra6 111. Ng7 Ra7 112. Nh5 Ra1 113. Kh6 Rh1 114. Kg5 Ke6 115. Nf4+ Ke5 116. Ng6+ Ke4 117. Kf6 Rf1+ 118. Ke6 Rf5 119. Ne7 Re5+ 120. Kd6 Ra5 121. Nc6 Ra6 122. Kc5 Ra1 123. Kd6 Rd1+ 124. Ke6 Rd5 1/2-1/2

[Event "Early-Titled-Tuesday-Blitz-June-18-2024"]
[Site "Chess.com"]
[Date "2024.06.18"]
[Round "5"]
[White "mitrabhaa"]
[Black "carokannlover213"]
[Result "1/2-1/2"]
[WhiteElo "2959"]
[BlackElo "2695"]
[TimeControl "180+1"]
[EndTime "9:01:37 PDT"]
[Termination "Game drawn by agreement"]

1. Nf3 d5 2. c4 e6 3. e3 Nf6 4. Nc3 c5 5. cxd5 exd5 6. Bb5+ Nc6 7. d4 cxd4 8. exd4 Bd6 9. O-O O-O 10. Bg5 h6 11. Bh4 Bg4 12. Bxf6 Qxf6 13. Nxd5 Qf5 14. Bxc6 bxc6 15. Ne3 Qh5 16. Nxg4 Qxg4 17. h3 Qh5 18. Qc2 c5 19. Rad1 cxd4 20. Rxd4 Be7 21. Rfd1 Qa5 22. b3 Bf6 23. Rd5 Qa3 24. Rc5 Rfe8 25. Rc4 Qa5 26.
g3 Qb6 27. Kg2 Qa6 28. h4 Qb7 29. Rc7 Qa6 30. Rc6 Qb7 31. Rd5 Rac8 32. Rdc5 Rcd8 33. Qc4 Rf8 34. Qg4 Qe7 35. Rc4 Rd6 36. Rc7 Qe2 37. Rxa7 Rd1 38. Nh2 Qe1 39. Rd7 Ra1 40. Rf4 Be5 41. Re4 Qh1+ 42. Kh3 f5 43. Qf3 Qxf3 44. Nxf3 fxe4 45. Nxe5 Rxa2 46. Ng4 Rb2 47. Rb7 Rf3 48. h5 Rfxb3 49. Re7 Rb8 50. Rxe4 R2b5 51. Kh4 Rf5 52. f4 Rbb5 53. Ne5 Rb1 54. Kg4 Rf8 55. Ra4 Re8 56. Ra7 Rbb8 57. Ng6 Rb6 58. Ne7+ Kh7 59. Nf5 Rg8 60.
Ne3 Rf6 61. Nd5 Rff8 62. Kh4 Rf5 63. Rd7 Rgf8 64. Ne3 R5f7 65. Rd5 Re7 66. Ng4 Re1 67. Ne5 Re8 68. Kg4 Re7 69. Ng6 Re8 70. Rd7 R1e6 71.
Ra7 Rxg6+ 72. hxg6+ Kxg6 73. f5+ Kf6 74. Ra6+ Kf7 75.
Kh5 Re1 76. Ra7+ Kf6 77. Kg4 Re4+ 78. Kf3 Re5 79. g4 Rb5 80. Ra6+ Kf7 81. Kg3 Rb1 82. Rc6 Rg1+ 83. Kf3 Rf1+ 84. Kg2 Ra1 85. Kg3 Rg1+ 86.
Kf3 Rf1+ 87. Kg2 Ra1 88. Rc4 Ra3 89. Rc6 Rb3 90. Ra6 Rc3 91. Kf2 Rd3 92. Rg6 Rh3 93. Kg2 Ra3 94. Ra6 Rd3 95. Ra1 Kf6 96. Ra6+ Kf7 97. Kf2 Rb3 98. Ra4 Kf6 99. Ra7 h5 100. gxh5 Rh3 101. Ra6+ Kxf5 102. Rg6 Rxh5 103. Rxg7 Kf6 104. Ra7 Rf5+ 105. Ke3 Re5+ 106. Kd4 Re6 107. Ra5 Ke7 108. Kd5 Rd6+ 109. Kc5 Re6 110. Ra7+ Kf6 111. Ra2 Re5+ 112. Kd6 Rf5 113. Rh2 Rg5 114. Rf2+ Rf5 115. Rh2 Rg5 116. Rh8 Rf5 117. Rf8+ Kg5 118. Rb8 Kf6 119. Rb3 Rg5 120. Rb1 Rf5 121. Rb8 Rg5 122. Rf8+ Kg7 123. Rf2 Rg3 124. Ke6 Re3+ 125. Kf5 Kf7 126. Kf4 Re6 127. Rc2 1/2-1/2

[Event "Early-Titled-Tuesday-Blitz-June-18-2024"]
[Site "Chess.com"]
[Date "2024.06.18"]
[Round "6"]
[White "LeRoidesChampions"]
[Black "GiorgianBarbosa"]
[Result "1-0"]
[WhiteElo "2674"]
[BlackElo "2503"]
[TimeControl "180+1"]
[EndTime "9:04:09 PDT"]
[Termination "LeRoidesChampions won by resignation"]

1. d4 Nf6 2. Nc3 e6 3. e4 d5 4.
Bg5 Be7 5. e5 Ne4 6. Bxe7 Qxe7 7. Nge2 c5 8. Qd3 cxd4 9. Nxe4 dxe4 10. Qxd4 O-O 11. O-O-O Bd7 12. Qxe4 Bc6 13. Qg4 Nd7 14. f4 Nc5 15. Ng3 Rac8 16. Nh5 g6 17. Nf6+ Kg7 18. Qh4 h5 19. Nxh5+ 1-0

[Event "Early-Titled-Tuesday-Blitz-June-18-2024"]
[Site "Chess.com"]
[Date "2024.06.18"]
[Round "6"]
[White "gabduschew"]
[Black "pfalcon1949"]
[Result "1-0"]
[WhiteElo "2304"]
[BlackElo "1791"]
[TimeControl "180+1"]
[EndTime "9:04:31 PDT"]
[Termination "gabduschew won by resignation"]

1. e4 e6 2. c4 d5 3. cxd5 exd5 4.
Qa4+ Bd7 5. Qb3 Bc6 6. d4 dxe4 7. Bc4 Qe7 8. Ne2 Nf6 9. Nbc3 Nbd7 10. O-O Nb6 11.
d5 Nxc4 12. dxc6 Na5 13. cxb7 Nxb3 14. bxa8=Q+ Qd8 15.
Qxd8+ Kxd8 16. axb3 1-0

[Event "Early-Titled-Tuesday-Blitz-June-18-2024"]
[Site "Chess.com"]
[Date "2024.06.18"]
[Round "6"]
[White "Ati1517"]
[Black "GatoRojo150"]
[Result "0-1"]
[WhiteElo "2029"]
[BlackElo "2619"]
[TimeControl "180+1"]
[EndTime "9:04:33 PDT"]
[Termination "GatoRojo150 won by resignation"]

1. e4 e5 2. Nf3 Nc6 3. Bc4 Nf6 4.
d3 d5 5. exd5 Nxd5 6. Bxd5 Qxd5 7. Nc3 Bb4 8. Bd2 Bxc3 9. Bxc3 Bg4 10. Qe2 O-O-O 11. O-O-O Qxa2 12. h3 Bh5 13. g4 Bg6 14. Nxe5 Rhe8 15. d4 Nxe5 0-1

[Event "Early-Titled-Tuesday-Blitz-June-18-2024"]
[Site "Chess.com"]
[Date "2024.06.18"]
[Round "6"]
[White "ALRS-SPS"]
[Black "LeninGuerra"]
[Result "0-1"]
[WhiteElo "2369"]
[BlackElo "2543"]
[TimeControl "180+1"]
[EndTime "9:04:41 PDT"]
[Termination "LeninGuerra won by resignation"]

1. e4 b6 2. Nc3 Bb7 3. Nf3 e6 4. d4 Ne7 5. Bg5 g6 6. Qd2 Bg7 7. h4 h6 8. Be3 Nbc6 9. O-O-O d5 10.
exd5 Nxd5 11. Nxd5 Qxd5 12. Kb1 a5 13. c4 Qd7 14. d5 exd5 15. cxd5 Nb4 16. Bc4 O-O-O 17.
d6 Qf5+ 18. Bd3 Nxd3 19. Qxd3 Be4 0-1

[Event "Early-Titled-Tuesday-Blitz-June-18-2024"]
[Site "Chess.com"]
[Date "2024.06.18"]
[Round "6"]
[White "ImportedItalianMaple"]
[Black "zimmm36"]
[Result "0-1"]
[WhiteElo "2525"]
[BlackElo "2778"]
[TimeControl "180+1"]
[EndTime "9:05:00 PDT"]
[Termination "zimmm36 won by resignation"]

1. e4 c5 2. Nf3 d6 3. Bc4 Nf6 4. d3 e5 5. O-O h6 6. Re1 Nc6 7. c3 Bg4 8. Nbd2 Be7 9. Nf1 O-O 10. Ng3 Be6 11. Bb5 Qb6 12. a4 Rfd8 13. h3 Na5 14.
b4 cxb4 15. cxb4 Nb3 16. Be3 Nd4 17. Bxd4 exd4 18. Nf5 a6 19. Bc4 Bxf5 20. exf5 d5 21. Rxe7 dxc4 22. dxc4 Qxb4 23. Rb1 Qxe7 0-1

[Event "Early-Titled-Tuesday-Blitz-June-18-2024"]
[Site "Chess.com"]
[Date "2024.06.18"]
[Round "6"]
[White "cristiano78"]
[Black "elis06"]
[Result "0-1"]
[WhiteElo "2232"]
[BlackElo "2370"]
[TimeControl "180+1"]
[EndTime "9:05:18 PDT"]
[Termination "elis06 won by resignation"]

1. d4 d5 2. c4 e6 3. Nf3 Nf6 4. Nc3 Be7 5. Bg5 O-O 6. e3 Nbd7 7. c5 c6 8. b4 Nh5 9. Bxe7 Qxe7 10. Ne5 Nhf6 11.
Nxd7 Bxd7 12. Be2 e5 13. dxe5 Qxe5 14. Qd4 Rfe8 15. O-O Qe7 16. Bf3 Bf5 17. a4 Nd7 18. b5 Nxc5 19. bxc6 bxc6 20. Qf4 Bg6 21. Rac1 Nd3 22.
Qd4 Nxc1 23. Rxc1 Qe5 24. Qd2 h6 25. Ne2 Rac8 26. Nd4 c5 27. Nb5 a6 28. Nc3 d4 29.
exd4 cxd4 30. Nd5 Rxc1+ 31. Qxc1 Qe1+ 0-1

[Event "Early-Titled-Tuesday-Blitz-June-18-2024"]
[Site "Chess.com"]
[Date "2024.06.18"]
[Round "6"]
[White "Chempiblinka"]
[Black "Renatoforf"]
[Result "1-0"]
[WhiteElo "2356"]
[BlackElo "2120"]
[TimeControl "180+1"]
[EndTime "9:05:20 PDT"]
[Termination "Chempiblinka won by resignation"]

1. Nf3 Nf6 2. g3 d5 3. Bg2 c5 4. O-O Nc6 5. c4 e5 6. cxd5 Nxd5 7. Nc3 Nxc3 8. bxc3 Be7 9. Rb1 O-O 10. Qc2 Qc7 11. d3 Be6 12. Ng5 Bxg5 13. Bxg5 f6 14. Be3 b6 15.
Rfd1 Rfd8 16. Qb2 Rac8 17. Rbc1 Qf7 18. a3 Bd5 19. Bh3 Rc7 20. d4 cxd4 21. cxd4 Nxd4 22.
Rxc7 Nxe2+ 23. Qxe2 Qxc7 24. Rxd5 Rxd5 25. Be6+ 1-0

[Event "Early-Titled-Tuesday-Blitz-June-18-2024"]
[Site "Chess.com"]
[Date "2024.06.18"]
[Round "6"]
[White "BM223344"]
[Black "H3nriqueTV"]
[Result "0-1"]
[WhiteElo "2562"]
[BlackElo "2387"]
[TimeControl "180+1"]
[EndTime "9:05:21 PDT"]
[Termination "H3nriqueTV won by checkmate"]

1. d4 Nf6 2. c4 g6 3. Nc3 d5 4. cxd5 Nxd5 5. e4 Nxc3 6. bxc3 Bg7 7. Bc4 c5 8. Ne2 Nc6 9. Be3 O-O 10. O-O Bg4 11.
f3 Na5 12. Bxf7+ Rxf7 13. fxg4 Rxf1+ 14. Kxf1 cxd4 15. cxd4 e5 16. d5 Nc4 17. Bf2 Qg5 18. Qd3 b5 19. h3 Rf8 20. Ng1 Ne3+ 21. Ke2 Nxg2 22. Qxb5 Qf4 23. Bxa7 Qxe4+ 24. Kd1 Qe1+ 25. Kc2 Qxa1 26. Qb3 Rc8+ 27. Kd3 Qf1+ 28. Kd2 Qe1+ 29. Kd3 e4# 0-1

[Event "Early-Titled-Tuesday-Blitz-June-18-2024"]
[Site "Chess.com"]
[Date "2024.06.18"]
[Round "6"]
[White "Alphafischer2019"]
[Black "rupeshjswl7"]
[Result "1-0"]
[WhiteElo "2628"]
[BlackElo "2394"]
[TimeControl "180+1"]
[EndTime "9:05:24 PDT"]
[Termination "Alphafischer2019 won by resignation"]

1. Nf3 Nf6 2. g3 g6 3. b3 Bg7 4. Bb2 O-O 5. Bg2 c5 6. c4 Nc6 7. O-O d6 8. d4 Ne4 9. Nbd2 Nxd2 10. Qxd2 cxd4 11. Nxd4 Bd7 12. Rad1 Nxd4 13. Bxd4 Bc6 14. e4 a6 15. Bxg7 Kxg7 16. h4 Qa5 17. Qxa5 1-0

[Event "Early-Titled-Tuesday-Blitz-June-18-2024"]
[Site "Chess.com"]
[Date "2024.06.18"]
[Round "6"]
[White "K_A_S_T_O_R"]
[Black "artooon"]
[Result "1-0"]
[WhiteElo "2850"]
[BlackElo "3092"]
[TimeControl "180+1"]
[EndTime "9:05:29 PDT"]
[Termination "K_A_S_T_O_R won by resignation"]

1. e4 c5 2. Nf3 Nc6 3. d4 cxd4 4. Nxd4 Nf6 5. Nc3 e6 6. Ndb5 Bb4 7. Bf4 Nxe4 8. Qf3 d5 9. O-O-O Bxc3 10. Nc7+ Kf8 11.
bxc3 g5 12. Qxe4 gxf4 13. Qxf4 e5 14. Qh6+ Ke7 15. Nxd5+ Ke8 16. Nf6+ Ke7 17. Rxd8 Rxd8 18. Ne4 Be6 19. Qf6+ Kf8 20. Ng5 Re8 21. Nxe6+ Rxe6 22. Qh8+ Ke7 23. Qxa8 Nd8 24. Qxa7 Kd6 25. Bc4 Rf6 26. Rd1+ Ke7 27. Qc5+ Ke8 28. Qc8 Kf8 29. Qxd8+ Kg7 30. Qxf6+ Kxf6 31. Rd7 b5 32. Rxf7+ Kg6 33. Bb3 h5 34. h4 b4 35. cxb4 e4 36. Rf4 e3 37.
fxe3 Kg7 38. e4 Kg6 39. e5 Kg7 40. e6 Kg6 41. e7 Kg7 42. b5 Kh6 43. e8=Q Kg7 44. Qf8+ Kg6 45. Rf6+ 1-0

[Event "Early-Titled-Tuesday-Blitz-June-18-2024"]
[Site "Chess.com"]
[Date "2024.06.18"]
[Round "6"]
[White "Cheer_Down"]
[Black "Ranindu2003"]
[Result "1-0"]
[WhiteElo "2433"]
[BlackElo "2676"]
[TimeControl "180+1"]
[EndTime "9:05:43 PDT"]
[Termination "Cheer_Down won by resignation"]

1. e4 e5 2. Nf3 Nc6 3. Bc4 Nf6 4. d3 h6 5. O-O d6 6. c3 g5 7. Bb3 Bg7 8. Nbd2 a5 9. Nc4 Be6 10. Ne3 Qd7 11. Ba4 Rb8 12. Bb5 Qc8 13. d4 exd4 14. Nxd4 Bd7 15. Nef5 O-O 16. Bxc6 bxc6 17. Ne7+ 1-0

[Event "Early-Titled-Tuesday-Blitz-June-18-2024"]
[Site "Chess.com"]
[Date "2024.06.18"]
[Round "6"]
[White "dhammiko"]
[Black "Matalon"]
[Result "0-1"]
[WhiteElo "2183"]
[BlackElo "2448"]
[TimeControl "180+1"]
[EndTime "9:05:45 PDT"]
[Termination "Matalon won by resignation"]

1. e4 c5 2. Nf3 d6 3. d4 cxd4 4. Nxd4 Nf6 5. f3 e5 6. Nb3 d5 7. Bg5 Be6 8. Nc3 d4 9. Bb5+ Nc6 10. Ne2 Be7 11. O-O O-O 12. Ng3 Rc8 13. f4 exf4 14.
Bxf4 Qb6 15. Bd3 Ng4 16. Qe2 Nb4 17. Nc1 Nxc2 18. Bxc2 d3+ 0-1

[Event "Early-Titled-Tuesday-Blitz-June-18-2024"]
[Site "Chess.com"]
[Date "2024.06.18"]
[Round "6"]
[White "EvgenyBurmakin"]
[Black "Dixit_Nikhil"]
[Result "1-0"]
[WhiteElo "2401"]
[BlackElo "2585"]
[TimeControl "180+1"]
[EndTime "9:05:52 PDT"]
[Termination "EvgenyBurmakin won by resignation"]

1. e4 c5 2. Nc3 Nc6 3. Bb5 h6 4. Bxc6 bxc6 5. f4 g5 6. f5 Bg7 7. Nf3 Nf6 8. e5 Nd5 9. O-O Nxc3 10. dxc3 Qc7 11. f6 exf6 12. exf6 Bxf6 13. Qe2+ Kf8 14.
Nh4 Bg7 15. Ng6+ Kg8 16. Qe8+ Kh7 17. Nxh8 Bxh8 18. Rxf7+ Bg7 19. Qe7 1-0

[Event "Early-Titled-Tuesday-Blitz-June-18-2024"]
[Site "Chess.com"]
[Date "2024.06.18"]
[Round "6"]
[White "Patricius007"]
[Black "Korona_91"]
[Result "1/2-1/2"]
[WhiteElo "2553"]
[BlackElo "2676"]
[TimeControl "180+1"]
[EndTime "9:05:53 PDT"]
[Termination "Game drawn by agreement"]

1. e4 e5 2. Nf3 Nc6 3. Bc4 Nf6 4. d3 Bc5 5. O-O d6 6. h3 h6 7. c3 a5 8. Nbd2 O-O 9. Re1 Ba7 10. Nf1 Be6 11. Bb5 Ne7 12. Be3 Ng6 13. Bxa7 Rxa7 14.
d4 c6 15. Bd3 Qc7 16. Ne3 Raa8 17. Qc2 Nf4 18. dxe5 Nxd3 19. Qxd3 dxe5 20. Nc4 Bxc4 21. Qxc4 Rad8 22. Rad1 Qe7 23. a4 g6 24. b4 axb4 25. cxb4 Kg7 26. b5 cxb5 27. Qxb5 Rxd1 28. Rxd1 Nxe4 29.
Qxe5+ Qxe5 30. Nxe5 Nc3 31. Rd7 Nxa4 32. Rxb7 Nc5 33. Ra7 1/2-1/2